 Dungeon Crawl Stone Soup version 0.17.0-26-gececa24 (webtiles) character file.

1124 MDvedh the Grappler (level 8, -12/60 (62) HPs)
             Began as a Ghoul Skald on Nov 19, 2015.
             Mangled by a thrashing horror (14 damage)
             ... on level 1 of the Abyss.
             The game lasted 00:08:54 (4097 turns).

MDvedh the Grappler (Ghoul Skald)                   Turns: 4097, Time: 00:08:55

HP:   -12/60 (62)   AC:  7    Str: 18    XL:     8   Next: 35%
MP:   9/9           EV:  9    Int:  7    God:
Gold: 180           SH:  0    Dex:  8    Spells: 1 memorised, 9 levels left

rFire  . . .     SeeInvis .       - Unarmed
rCold  + . .     Clarity  .     x - +0 scale mail
rNeg   + + +     SustAt   .     (no shield)
rPois  ∞         Gourm    .     l - +0 helmet
rElec  .         Spirit   .     (no cloak)
rCorr  .         Warding  .     (no gloves)
rMut   .         Stasis   .     (no boots)
MR     .....                    (no amulet)
Stlth  ..........               (no ring)
                                y - ring of wizardry

@: about to teleport, rotting, not resistant to hostile enchantments, extremely
unstealthy
A: rotting body, claws 1, carnivore 3, cold resistance 1, negative energy
resistance 3, slow regeneration 1, torment resistance, unbreathing
a: no special abilities


You were on level 1 of the Abyss.
You were not hungry.

You visited 1 branch of the dungeon, and saw 5 of its levels.
You visited the Abyss 1 time.
You also visited: Sewer.

You collected 180 gold pieces.

Inventory:

Armour
 e - a +0 buckler
 l - a +0 helmet (worn)
 x - a +0 scale mail (worn)
Jewellery
 y - a ring of wizardry (left claw)
Wands
 q - a wand of slowing (24)
 B - a wand of random effects (23)
 C - a wand of teleportation (0)
Scrolls
 a - 2 scrolls of magic mapping {unknown}
 f - 2 scrolls of noise {unknown}
 g - a scroll of immolation {unknown}
 i - a scroll of remove curse {unknown}
 j - 7 scrolls of identify {unknown}
 k - a scroll of amnesia {unknown}
 m - a scroll of enchant weapon {unknown}
 v - 3 scrolls of teleportation {unknown}
 A - a scroll of fear {unknown}
 D - a scroll of recharging {unknown}
 G - a scroll of fog {unknown}
Potions
 d - a potion of cancellation {unknown}
 h - 2 potions of mutation {unknown}
 n - 2 potions of might {unknown}
 o - a potion of flight {unknown}
 p - 2 potions of ambrosia {unknown}
 r - a potion of heal wounds {unknown}
 s - 4 potions of haste {unknown}
 t - a potion of invisibility {unknown}
 u - a potion of agility {unknown}
 w - 2 potions of berserk rage {unknown}
 z - 2 potions of poison {unknown}
 E - 2 potions of curing
Books
 b - a book of Battle

   Spells                             Type                      Level
   a - Infusion                       Charms                       1
   b - Shroud of Golubria             Charms/Translocation         2
   c - Song of Slaying                Charms                       2
   d - Spectral Weapon                Hexes/Charms                 3
   e - Regeneration                   Charms/Necromancy            3
Comestibles
 c - 3 meat rations
 F - a beef jerky


   Skills:
 + Level 2.7 Fighting
 + Level 1.6 Armour
 + Level 1.3 Dodging
 + Level 1.0 Shields
 + Level 10.1 Unarmed Combat
 - Level 1.7 Spellcasting
 - Level 2.6 Charms


You had 9 spell levels left.
You knew the following spells:

 Your Spells              Type           Power        Failure   Level  Hunger
a - Infusion              Chrm           #.....       19%         1    ##.....


Dungeon Overview and Level Annotations

Branches:
Dungeon (5/15)
 Temple: D:4-7

Altars:
Cheibriados
Kikubaaqudgha
Nemelex Xobeh
Ru
Sif Muna

Annotations:
D:5 Crazy Yiuf


Innate Abilities, Weirdness & Mutations

Your body is rotting away.
You thrive on raw meat.
You are immune to poison.
You have sharp fingernails.
You are carnivorous and can eat meat at any time.
Your flesh is cold resistant.
You are immune to negative energy.
You regenerate slowly when monsters are visible.
You are immune to unholy pain and torment.
You can survive without breathing.


Message History

Zapping:
C - a wand of teleportation (will waste charges)
Press: ? - help, Shift-Dir - straight line, f - you You feel strangely unstable.
You feel the power of the Abyss delaying your translocation!
Evoking this partially-identified wand wasted a few charges.
The thrashing horror closely misses you.
The thrashing horror tramples you.
* * * LOW HITPOINT WARNING * * *
You hold your ground!
The thrashing horror misses you. The thrashing horror tramples you.
* * * LOW HITPOINT WARNING * * *
You hold your ground!
Unknown command.
The thrashing horror roars!
The thrashing horror closely misses you.
The thrashing horror tramples you but does no damage.
Unknown command.
The thrashing horror roars!
The thrashing horror tramples you!
You die...

.# .. ... #. ..
#.# ##.# .##...#
... ...#.. #.####
....... ##.#..
###.......
#....####... .....
# # #..##.##...#.
. .###.X@#.#..##
§..####...#...#..
#.## .....%.....
##....#..##......
#
#....#.....###....
. ###.#......## ..
. ..# ...>...#
..##.#.......# .##
##.#.# #..##..#.


You could see a thrashing horror.

Vanquished Creatures
  Edmund (D:4)
  A phantom (D:4)
  An ice beast (D:5)
  A centaur (D:3)
  4 big kobolds (Sewer)
  A crimson imp (D:5)
  A hound (D:4)
  A centaur skeleton (D:4)
  2 orc wizards (D:3)
  An iguana (D:3)
  A worker ant (D:5)
  Natasha (thrice) (D:2)
  10 adders
  3 river rats (Sewer)
  5 oozes (Sewer)
  5 worms
  4 giant geckos
  An orc (D:3)
  8 ball pythons
  5 giant cockroaches
  5 goblins
  9 hobgoblins
  2 jackals (D:4)
  2 quokkas (D:4)
  5 bats
  6 giant newts
  14 kobolds
  A quokka skeleton (D:5)
  8 rats
111 creatures vanquished.

Vanquished Creatures (others)
  An orc wizard (D:3)
1 creature vanquished.

Grand Total: 112 creatures vanquished

Notes
Turn   | Place    | Note
--------------------------------------------------------------
     0 | D:1      | MDvedh the Ghoul Skald began the quest for the Orb.
     0 | D:1      | Reached XP level 1. HP: 17/17 MP: 2/2
   231 | D:1      | Reached XP level 2. HP: 19/24 MP: 3/3
   264 | D:1      | Reached skill level 3 in Unarmed Combat
   673 | D:2      | Reached XP level 3. HP: 18/29 MP: 4/4
   942 | D:2      | Noticed Natasha
   950 | D:2      | Killed Natasha
   950 | D:2      | Reached skill level 4 in Unarmed Combat
   973 | D:2      | Reached XP level 4. HP: 26/36 MP: 5/5
  1005 | D:2      | Found a snail-covered altar of Cheibriados.
  1192 | D:2      | Noticed Natasha
  1205 | D:2      | Killed Natasha
  1205 | D:2      | Reached skill level 5 in Unarmed Combat
  1242 | D:2      | Noticed Natasha
  1250 | D:2      | Killed Natasha
  1594 | D:3      | Noticed a centaur
  1605 | D:3      | Killed a centaur
  1605 | D:3      | Reached skill level 6 in Unarmed Combat
  1605 | D:3      | Reached XP level 5. HP: 23/41 MP: 6/6
  1784 | D:3      | Found a sacrificial altar of Ru.
  1814 | D:3      | Reached XP level 6. HP: 45/48 MP: 7/7
  1831 | D:3      | Reached skill level 7 in Unarmed Combat
  2205 | D:4      | Noticed Edmund
  2236 | D:4      | Killed Edmund
  2236 | D:4      | Reached skill level 8 in Unarmed Combat
  2236 | D:4      | Reached XP level 7. HP: 14/55 MP: 8/8
  2567 | D:4      | Found a sparkling altar of Nemelex Xobeh.
  2591 | D:4      | Found an ancient bone altar of Kikubaaqudgha.
  2634 | D:4      | Found a glowing drain.
  2638 | Sewer    | Entered a sewer
  2666 | Sewer    | Reached skill level 9 in Unarmed Combat
  2817 | Sewer    | Reached XP level 8. HP: 55/61 MP: 9/9
  2962 | Sewer    | Reached skill level 10 in Unarmed Combat
  3062 | Sewer    | Reached skill level 1 in Armour
  3178 | Sewer    | Reached skill level 1 in Dodging
  3663 | D:5      | Entered Level 5 of the Dungeon
  3774 | D:5      | Found a deep blue altar of Sif Muna.
  3881 | D:5      | Reached skill level 1 in Shields
  4012 | D:5      | Noticed Crazy Yiuf
  4020 | D:5      | Paralysed by Crazy Yiuf for 5 turns
  4024 | D:5      | Cast into the Abyss (Crazy Yiuf)
  4088 | Abyss:1  | Noticed a thrashing horror
  4095 | Abyss:1  | HP: 2/60 [thrashing horror (6)]
  4097 | Abyss:1  | Mangled by a thrashing horror

Action                   |  1- 3 |  4- 6 |  7- 9 || total
-------------------------+-------+-------+-------++-------
Melee: Unarmed           |   115 |   160 |   224 ||   499
Evoke: Wand              |       |       |     1 ||     1
  Eat: Chunk             |    10 |    20 |    15 ||    45
